 Dungeon Sprint DCSS version 0.29-a0-824-gd827844252 (webtiles) character file.

Game seed: 7037286308119137302

78 mhtbhm the Sneak (level 4, -7/24 HPs)
             Began as a Kobold Enchanter on July 9, 2022.
             Mangled by an ice beast (14 damage)
             ... in the Dungeon (Sprint IX: "|||||||||||||||||||||||||||||").
             The game lasted 00:00:27 (46 turns).

mhtbhm the Sneak (Kobold Enchanter)                   Turns: 46, Time: 00:00:28

Health: -7/24      AC:  2    Str:  5    XL:     4   Next: 61%
Magic:  5/9        EV: 16    Int: 16    God:
Gold:   0          SH:  0    Dex: 17    Spells: 8/10 levels left

rFire   . . .      SeeInvis .   a - +1 dagger
rCold   . . .      Faith    .   (no shield)
rNeg    . . .      Spirit   .   b - +0 robe
rPois   .          Reflect  .   (no helmet)
rElec   .          Harm     .   (no cloak)
rCorr   .          Rampage  .   (no gloves)
Will    .....      NoTele   +   (no boots)
Stlth   +++++.....              (no amulet)
HPRegen 0.08/turn               (no ring)
MPRegen 0.11/turn               (no ring)

@: on berserk cooldown, slowed, very slow
A: small, no large weapons, nightstalker 3
a: no special abilities


You were in the Dungeon.
You visited 1 branch

Inventory:

Hand Weapons
 a - a +1 dagger (weapon)
Armour
 b - a +0 robe (worn)
Scrolls
 i - a scroll of blinking
Potions
 c - 2 potions of invisibility
 d - a potion of curing
 e - a potion of heal wounds
 f - a potion of haste
 g - 2 potions of magic


   Skills:
 + Level 0.6 Fighting
 + Level 2.8 Short Blades
 + Level 3.7 Dodging
 + Level 7.8 Stealth
 + Level 3.7 Spellcasting
 + Level 5.7 Hexes
 + Level 0.2 Ice Magic


You had 8 spell levels left.
You knew the following spells:

 Your Spells              Type           Power      Damage    Failure   Level
a - Ensorcelled Hibernat  Hex/Ice        24%        N/A       8%          2

Your spell library contained the following spells:

 Spells                   Type           Power      Damage    Failure   Level
 Confusing Touch          Hex            21%        N/A       4%          3
 Tukima's Dance           Hex            21%        N/A       4%          3
 Dazzling Flash           Conj/Hex       24%        N/A       16%         3


Dungeon Overview and Level Annotations

Branches:
Dungeon (1/1)

Altars:


Innate Abilities, Weirdness & Mutations

You are small and have problems with some larger weapons.
You are completely attuned to the shadows.


Message History

You hit the quokka.
The quokka is heavily wounded.
The quokka barely misses you.
You closely miss the quokka.
The quokka is heavily wounded.
The quokka twitches its whiskers.
The quokka completely misses you.
You barely miss the quokka.
The quokka is heavily wounded.
The quokka completely misses you.
You puncture the quokka!
You kill the quokka!
You miss the adder. The adder closely misses you.
Unknown command.
Unknown command.
You puncture the adder!
You kill the adder!
Unknown command.
You closely miss the ice beast. The ice beast misses you.
You puncture the ice beast!
The ice beast is heavily wounded.
You hit the ice beast.
The ice beast is heavily wounded.
The ice beast misses you.
You closely miss the ice beast.
The ice beast is heavily wounded.
You are no longer berserk.
You are exhausted.
You feel yourself slow down.
You barely miss the ice beast.
The ice beast is heavily wounded.
The ice beast misses you. The ice beast hits you. The ice beast freezes you!
Ouch! That really hurt!
You hit the ice beast but do no damage.
The ice beast is heavily wounded.
The ice beast hits you.
* * * LOW HITPOINT WARNING * * *
The ice beast freezes you!
Ouch! That really hurt!
You die... ▓▓▓▓▓▓▓▓▓▓▓▓▓▓▓▓ ▓<...'†)††.@Yw.. ▓▓▓▓▓▓▓▓▓▓▓▓▓▓▓▓

You could see an ice beast and a dart slug.

Vanquished Creatures
  A scorpion (D)
  An adder (D)
  A bat (D)
  A goblin (D)
  3 hobgoblins (D)
  A quokka (D)
8 creatures vanquished.

Notes
Turn   | Place    | Note
-------+----------+-------------------------------------------
     0 | D        | mhtbhm the Kobold Enchanter began the quest for the Orb.
     0 | D        | Reached XP level 1. HP: 10/10 MP: 3/3
    12 | D        | Reached skill level 5 in Stealth
    14 | D        | Reached XP level 2. HP: 15/15 MP: 5/5
    17 | D        | Learned a level 2 spell: Ensorcelled Hibernation
    18 | D        | Noticed a scorpion
    19 | D        | Noticed an ice beast
    25 | D        | Killed a scorpion
    26 | D        | Reached skill level 7 in Stealth
    26 | D        | Reached skill level 5 in Hexes
    26 | D        | Reached XP level 3. HP: 20/20 MP: 4/8
    26 | D        | Reached XP level 4. HP: 24/24 MP: 4/9
    46 | D        | Mangled by an ice beast

Illustrated notes

Levels and vault maps discovered:
D:        linesprint [early_d, line_temple, items_1, d_10, items_2, lair_1,
          lair_end, items_3, orc_1, orc_end, items_4, d_15, swamp_1, shoals_1,
          snake_1, spider_1, d_20, vaults_1, items_5, swamp_end, shoals_end,
          snake_end, spider_end, vaults_end, d_27, items_6, zot_1, zot_end,
          crypt_end, forest_end, elf_end, slime_end, tomb_end, abyss_end,
          pan_hell_end]

Skill      XL: |  1  2 |
---------------+-------+-----
Stealth        | 5 7 |  7.8
Hexes          | 4 5 |  5.7
Short Blades   | 2 |  2.8
Dodging        | 3 |  3.7
Spellcasting   | 3 |  3.7
Fighting       | |  0.6
Ice Magic      | |  0.2

Action                   |  1- 3 |  4- 6 || total
-------------------------+-------+-------++-------
Melee: Dagger            |     9 |    21 ||    30
 Cast: Ensorcelled Hiber |     1 |       ||     1
  Use: Potion            |     1 |       ||     1
 Stab: Sleeping          |     6 |       ||     6
Armor: Robe              |     1 |       ||     1
Dodge: Dodged            |     4 |    12 ||    16

Table legend: (Time is in decaauts)
 A = Elapsed time spent in this place.
 B = Non-inter-level travel time spent in this place.
 C = Inter-level travel time spent in this place.
 D = Time resting spent in this place.
 E = Time spent auto-exploring this place.
 F = Levels seen in this place.
 G = Mean time per level.
                   A        B        C        D        E       F      G
               +--------+--------+--------+--------+--------+-----+--------+
         Total |     37 |     37 |      0 |      0 |      0 |   1 |   37.0 |
       Dungeon |     37 |     37 |      0 |      0 |      0 |   1 |   37.0 |
               +--------+--------+--------+--------+--------+-----+--------+

Top non-repeatable levels by time:
       D: 37 daAuts
